Ice Dragons vs Monarchs
(R1)
Created - December 28, 2020 at 19:02
Goals
|
| Ice Dragons |
1 |
2 |
3 |
6 |
| Monarchs |
2 |
2 |
1 |
5 |
|
Shots
|
| Ice Dragons |
8 |
11 |
19 |
38 |
| Monarchs |
7 |
13 |
3 |
23 |
|
1st period
1. Ice Dragons , Sam Carrick 12 (Luca Sbisa 9) at 5:47
2. Monarchs , Nicholas Baptiste 6 (Zach Werenski 24) at 9:47
3. Monarchs , Olli Maatta 1 (Stefan Matteau 15, Zach Werenski 25) at 14:59
Penalties :
Juho Lammikko (Kin) for Interference (Minor) at 2:53, Samuel Groulx (Kin) for Hooking (Minor) at 11:28
2nd period
4. Monarchs , Zach Werenski 6 (Olli Maatta 12, Nicholas Baptiste 7) at 1:59
5. Ice Dragons , Brandon Kozun 12 (Samuel Groulx 9, Jordan LaVallee 21) at 8:13
6. Monarchs , Mikko Rantanen 11 (William Karlsson 27) at 10:41
7. Ice Dragons , Billy Sweat 23 (Sam Carrick 16) at 10:45
Penalties :
Justin Shugg (Kin) for Hooking (Minor) at 12:05, Alex Plante (Kin) for Goalie Interference (Minor) at 17:55
3rd period
8. Monarchs , Mikko Rantanen 12 (William Karlsson 28) at 0:43
9. Ice Dragons , Juho Lammikko 3 (Jerome Gauthier-Leduc 5, Theodor Blueger 6) at 9:02
10. Ice Dragons , Kevin Connauton 6 (David Shields 4, Oscar Dansk) at 12:14 (PP)
11. Ice Dragons , Sam Carrick 13 (Justin Shugg 8, Corban Knight 22) at 18:53
Penalties :
Mikko Rantanen (MAN) for Elbowing (Minor) at 1:24, Sam Carrick (Kin) for Tripping (Minor) at 2:02, Matt Roy (MAN) for High sticking (Minor) at 11:50
Goalie Stats
Oscar Dansk (Kin), 5 saves from 6 shots - (0.833), W, 1-0-0, 29:19 minutes
Joacim Eriksson (Kin), 13 saves from 17 shots - (0.765), 30:41 minutes
Alexandar Georgiev (MAN), 32 saves from 38 shots - (0.842), L, 7-8-3, 59:00 minutes
Players Stats for Ice Dragons
Player Name G A P +/- PIM S H SB GA TA FO MP PP MP PK MP
------------------------------------------------------------------------------------
Alex Plante 0 0 0 -2 2 0 0 1 0 1 0/0 19:38 0:00 2:56
Billy Sweat 1 0 1 0 0 2 2 0 0 0 2/4 17:48 0:31 2:42
Brandon Kozun 1 0 1 0 0 4 3 0 0 2 2/2 18:58 0:31 0:00
Chris Wagner 0 0 0 -1 0 2 0 0 1 0 0/1 8:57 0:00 0:00
Corban Knight 0 1 1 1 0 3 2 0 0 0 23/35 23:47 0:31 4:05
David Shields 0 1 1 0 0 1 1 3 0 0 0/0 21:49 1:02 2:07
Emil Pettersson 0 0 0 -1 0 2 1 0 0 1 4/8 12:04 0:00 1:47
Jerome Gauthier-Leduc 0 1 1 1 0 1 0 0 0 2 0/0 14:05 0:00 2:32
Jordan LaVallee 0 1 1 0 0 7 2 0 1 0 0/2 24:00 0:31 4:14
Juho Lammikko 1 0 1 1 2 1 1 0 0 0 0/0 6:22 0:00 0:00
Justin Shugg 0 1 1 0 2 2 3 0 0 2 0/1 14:35 0:31 0:00
Kevin Connauton 1 0 1 1 0 3 3 0 0 2 0/0 29:44 1:02 4:53
Logan MacMillan 0 0 0 1 0 0 0 1 1 0 0/0 6:47 0:00 0:21
Luca Sbisa 0 1 1 1 0 0 1 0 0 0 0/0 14:09 0:00 2:00
Sam Carrick 2 1 3 0 2 4 4 1 0 0 10/17 17:12 0:30 2:25
Samuel Groulx 0 1 1 -2 2 3 2 2 0 1 0/0 20:33 0:00 2:40
Theodor Blueger 0 1 1 1 0 1 0 0 0 0 2/4 6:27 0:00 0:09
William Carrier 0 0 0 -1 0 2 3 0 1 0 0/1 13:05 0:00 1:25
Players Stats for Monarchs
Player Name G A P +/- PIM S H SB GA TA FO MP PP MP PK MP
------------------------------------------------------------------------------------
Anthony Cirelli 0 0 0 1 0 0 0 0 0 0 4/10 11:13 0:53 0:59
Brock Boeser 0 0 0 1 0 1 0 0 0 0 0/0 10:44 2:48 0:00
Collin Miller 0 0 0 1 0 0 1 0 0 0 0/0 7:38 0:38 0:59
Frank Vatrano 0 0 0 0 0 1 3 3 2 0 1/2 18:49 3:31 0:00
Jacob De La Rose 0 0 0 2 0 1 0 0 0 0 0/0 7:58 0:00 0:59
Joonas Lyytinen 0 0 0 0 0 0 0 0 0 0 0/0 4:20 0:00 0:03
JT Compher 0 0 0 -2 0 0 1 0 1 0 1/2 18:31 3:52 0:00
Kurtis Macdermid 0 0 0 0 0 0 1 0 0 0 0/0 4:17 0:00 0:00
Kyle Connor 0 0 0 -1 0 1 0 0 0 0 0/0 13:49 0:47 0:03
Mathew Barzal 0 0 0 0 0 0 0 0 0 0 6/19 13:50 3:55 0:00
Matt Roy 0 0 0 1 2 0 0 0 0 0 0/0 6:00 0:00 0:00
Mikko Rantanen 2 0 2 -2 2 2 2 0 2 1 0/0 21:49 4:33 0:00
Neal Pionk 0 0 0 -2 0 2 2 2 2 0 0/0 24:20 5:27 0:00
Nicholas Baptiste 1 1 2 1 0 2 1 1 1 1 0/1 9:20 0:09 0:00
Nick Ritchie 0 0 0 1 0 3 2 0 0 1 0/1 18:51 3:51 0:00
Olli Maatta 1 1 2 1 0 2 2 3 0 1 0/0 25:19 3:07 0:59
Seth Helgeson 0 0 0 -2 0 1 2 0 1 0 0/0 19:27 0:38 0:03
Stefan Matteau 0 1 1 1 0 3 0 0 1 0 9/15 15:08 0:38 0:03
William Karlsson 0 2 2 -2 0 1 5 2 0 0 11/25 20:34 3:52 0:00
Zach Werenski 1 2 3 1 0 3 1 2 1 0 0/0 25:38 4:11 0:00
3 Stars
1 - Sam Carrick (Kin)
2 - Zach Werenski (MAN)
3 - Olli Maatta (MAN)
Power Play
Ice Dragons - 1 on 2 Attempt(s) - 50.00%
Monarchs - 0 on 5 Attempt(s) - 0.00%
Penalty Kill
Ice Dragons - 5 on 5 Attempt(s) - 100.00%
- Score 0 goal in Penalty Kill
Monarchs - 1 on 2 Attempt(s) - 50.00%
- Score 0 goal in Penalty Kill
Team Stat
Ice Dragons - Hits : 28 - Faceoff Wins : 43 - Blocked Shots : 8 - Penalty Minutes : 10
Monarchs - Hits : 23 - Faceoff Wins : 32 - Blocked Shots : 13 - Penalty Minutes : 4
Official
Referees : Unknown
Linesman : Unknown
Game Notes
Oscar Dansk enters game at 10:41 of 2nd period
Luca Sbisa is injured at 10:56 of 2nd period (Strained Back)
Brock Boeser is injured at 14:28 of 2nd period (Left Knee)
Finance
Level 1 -- Attendance: 2000 (100.00%) -- Ticket Income $50,000
Level 2 -- Attendance: 1000 (100.00%) -- Ticket Income $10,000
Total Attendance: 3000 (100.00%)
Total Ticket Income: $60,000
Other Income: $3,000
Total Income: $63,000
Ice Dragons
5 vs 5 Forward
Center Left Wing Right Wing Time % Phy DF OF
1 Corban Knight Jordan LaVallee Brandon Kozun 40 1 2 2
2 Sam Carrick Billy Sweat Justin Shugg 30 1 2 2
3 Emil Pettersson William Carrier Chris Wagner 20 1 2 2
4 Theodor Blueger Logan MacMillan Juho Lammikko 10 1 2 2
5 vs 5 Defense
Defense Defense Time % Phy DF OF
1 Kevin Connauton Luca Sbisa 40 1 2 2
2 Samuel Groulx Alex Plante 30 1 2 2
3 David Shields Jerome Gauthier-Leduc 20 1 2 2
4 Kevin Connauton Luca Sbisa 10 1 2 2
PowerPlay Forward
Center Left Wing Right Wing Time % Phy DF OF
1 Corban Knight Jordan LaVallee Brandon Kozun 60 1 2 2
2 Sam Carrick Billy Sweat Justin Shugg 40 1 2 2
PowerPlay Defense
Defense Defense Time % Phy DF OF
1 Kevin Connauton Luca Sbisa 60 1 2 2
2 Samuel Groulx Alex Plante 40 1 2 2
Penalty Kill 4 Players Forward
Center Wing Time % Phy DF OF
1 Corban Knight Jordan LaVallee 60 1 2 2
2 Billy Sweat Sam Carrick 40 1 2 2
Penalty Kill 4 Players Defense
Defense Defense Time % Phy DF OF
1 Kevin Connauton Luca Sbisa 60 1 2 2
2 Samuel Groulx Alex Plante 40 1 2 2
Penalty Kill - 3 Players Forward
Forward Time % Phy DF OF
1 Corban Knight 60 1 2 2
2 Jordan LaVallee 40 1 2 2
Penalty Kill - 3 Players Defense
Defense Defense Time % Phy DF OF
1 Kevin Connauton Luca Sbisa 60 1 2 2
2 Samuel Groulx Alex Plante 40 1 2 2
4 vs 4 Forward
Center Wing Time % Phy DF OF
1 Corban Knight Jordan LaVallee 60 1 2 2
2 Billy Sweat Sam Carrick 40 1 2 2
4 vs 4 Defense
Defense Defense Time % Phy DF OF
1 Kevin Connauton Luca Sbisa 60 1 2 2
2 Samuel Groulx Alex Plante 40 1 2 2
Last Minutes Offensive
Center Left Wing Right Wing Defense Defense
Corban Knight Jordan LaVallee Brandon Kozun Kevin Connauton Luca Sbisa
Last Minutes Defensive
Center Left Wing Right Wing Defense Defense
Corban Knight Jordan LaVallee Brandon Kozun Kevin Connauton Luca Sbisa
Goaltenders
Starting : Joacim Eriksson
Backup : Oscar Dansk
Extra Forwards
Normal : William Carrier, Logan MacMillan, Emil Pettersson - PP : William Carrier, Logan MacMillan - PK : Emil Pettersson
Extra Defensemen
Normal : David Shields, Jerome Gauthier-Leduc, Samuel Groulx - PP : David Shields - PK : Jerome Gauthier-Leduc, Samuel Groulx
Penalty Shots
Corban Knight, Jordan LaVallee, Billy Sweat, Sam Carrick, William Carrier
Scratches
Thomas Gobeil (Healthy), Alex Henriksson (Healthy), Cole Ully (Healthy), Mario Lucia (Healthy), Adam Clendening (Left Forearm Injury)
Phil Di Giuseppe (Healthy), Zach Trotman (Abdominal Strain Injury), Robin Norell (Healthy), Chet Pickard (Healthy)
Monarchs
5 vs 5 Forward
Center Left Wing Right Wing Time % Phy DF OF
1 William Karlsson JT Compher Mikko Rantanen 35 1 2 2
2 Stefan Matteau Nick Ritchie Brock Boeser 30 1 2 2
3 Mathew Barzal Kyle Connor Frank Vatrano 25 1 2 2
4 Anthony Cirelli Jacob De La Rose Nicholas Baptiste 10 0 3 2
5 vs 5 Defense
Defense Defense Time % Phy DF OF
1 Olli Maatta Zach Werenski 40 1 2 2
2 Seth Helgeson Neal Pionk 40 1 2 2
3 Collin Miller Matt Roy 15 1 2 2
4 Joonas Lyytinen Kurtis Macdermid 5 2 2 1
PowerPlay Forward
Center Left Wing Right Wing Time % Phy DF OF
1 Mathew Barzal Nick Ritchie Mikko Rantanen 60 0 1 4
2 William Karlsson JT Compher Brock Boeser 40 0 1 4
PowerPlay Defense
Defense Defense Time % Phy DF OF
1 Neal Pionk Zach Werenski 60 0 2 3
2 Frank Vatrano Olli Maatta 40 0 2 3
Penalty Kill 4 Players Forward
Center Wing Time % Phy DF OF
1 Anthony Cirelli Jacob De La Rose 60 1 3 1
2 William Karlsson Frank Vatrano 40 1 3 1
Penalty Kill 4 Players Defense
Defense Defense Time % Phy DF OF
1 Olli Maatta Collin Miller 60 1 3 1
2 Seth Helgeson Joonas Lyytinen 40 1 3 1
Penalty Kill - 3 Players Forward
Forward Time % Phy DF OF
1 Jacob De La Rose 60 1 3 1
2 Anthony Cirelli 40 1 3 1
Penalty Kill - 3 Players Defense
Defense Defense Time % Phy DF OF
1 Collin Miller Olli Maatta 60 1 3 1
2 Joonas Lyytinen Seth Helgeson 40 1 3 1
4 vs 4 Forward
Center Wing Time % Phy DF OF
1 William Karlsson Mikko Rantanen 60 1 2 2
2 Mathew Barzal Nick Ritchie 40 1 2 2
4 vs 4 Defense
Defense Defense Time % Phy DF OF
1 Olli Maatta Zach Werenski 60 1 2 2
2 Seth Helgeson Neal Pionk 40 1 2 2
Last Minutes Offensive
Center Left Wing Right Wing Defense Defense
William Karlsson Nick Ritchie Mikko Rantanen Olli Maatta Zach Werenski
Last Minutes Defensive
Center Left Wing Right Wing Defense Defense
Anthony Cirelli Jacob De La Rose Frank Vatrano Olli Maatta Zach Werenski
Goaltenders
Starting : Alexandar Georgiev
Backup : Jake Allen
Extra Forwards
Normal : Frank Vatrano, Brock Boeser, Mikko Rantanen - PP : Frank Vatrano, Anthony Cirelli - PK : Stefan Matteau
Extra Defensemen
Normal : Zach Werenski, Seth Helgeson, Olli Maatta - PP : Collin Miller - PK : Zach Werenski, Seth Helgeson
Penalty Shots
William Karlsson, Kyle Connor, Mikko Rantanen, JT Compher, Olli Maatta
Scratches
Andy Andreoff (Healthy), Jacob Josefson (Healthy), Joel Eriksson Ek (Healthy), Jordan Greenway (Healthy), Dennis Gilbert (Healthy)
Blake Lizotte (Healthy), Bokondji Imama (Healthy), Derek Forbort (Healthy), Josh Anderson (Healthy), Haydn Fleury (Bruised Left Shoulder Injury)
Austin Wuthrich (Healthy), Eamon McAdam (Healthy)
% Time on Ice - Ice Dragons
Lines # - Real PCT - Wanted PCT - Time Play
Normal Forward
1 - 38% - 40% - 18:25
2 - 30% - 30% - 14:17
3 - 19% - 20% - 8:57
4 - 13% - 10% - 6:18
Normal Defense
1 - 44% - 40% - 21:12
2 - 30% - 30% - 14:13
3 - 19% - 20% - 9:00
4 - 7% - 10% - 3:32
PP Forward
1 - 50% - 60% - 0:31
2 - 50% - 40% - 0:31
PP Defense
1 - 100% - 60% - 1:02
2 - 0% - 40% - 0:00
PK Forward
1 - 68% - 60% - 5:52
2 - 32% - 40% - 2:42
PK Defense
1 - 57% - 60% - 4:53
2 - 43% - 40% - 3:41
PK3 Forward
1 - 0% - 60%
2 - 0% - 40%
PK3 Defense
1 - 0% - 60%
2 - 0% - 40%
44 Forward
1 - 78% - 60% - 1:03
2 - 22% - 40% - 0:18
44 Defense
1 - 58% - 60% - 0:47
2 - 42% - 40% - 0:34
Last Minute Offensive - 0:00
Last Minute Defensive - 1:06
Total
Forward - 60:00
Defense - 60:00
|
% Time on Ice - Monarchs
Lines # - Real PCT - Wanted PCT - Time Play
Normal Forward
1 - 33% - 35% - 16:00
2 - 32% - 30% - 15:08
3 - 21% - 25% - 9:50
4 - 15% - 10% - 6:59
Normal Defense
1 - 40% - 40% - 19:09
2 - 39% - 40% - 18:30
3 - 13% - 15% - 6:01
4 - 9% - 5% - 4:17
PP Forward
1 - 55% - 60% - 4:42
2 - 45% - 40% - 3:52
PP Defense
1 - 56% - 60% - 4:49
2 - 44% - 40% - 3:45
PK Forward
1 - 100% - 60% - 1:02
2 - 0% - 40% - 0:00
PK Defense
1 - 95% - 60% - 0:59
2 - 5% - 40% - 0:03
PK3 Forward
1 - 0% - 60%
2 - 0% - 40%
PK3 Defense
1 - 0% - 60%
2 - 0% - 40%
44 Forward
1 - 100% - 60% - 1:21
2 - 0% - 40% - 0:00
44 Defense
1 - 64% - 60% - 0:52
2 - 36% - 40% - 0:29
Last Minute Offensive - 1:06
Last Minute Defensive - 0:00
Total
Forward - 60:00
Defense - 60:00
|
Play-by-Play
1st period
0:01 of 1st period - Brandon Kozun wins face-off versus William Karlsson in neutral zone.
0:26 of 1st period - Zach Werenski is hit by Emil Pettersson and loses puck.
0:31 of 1st period - Slapshot by William Carrier.
0:31 of 1st period - Shot Misses the Net.
0:33 of 1st period - Slapshot by Samuel Groulx.
0:33 of 1st period - Shot Misses the Net.
1:02 of 1st period - Off-side.
1:03 of 1st period - Theodor Blueger wins face-off versus Mathew Barzal in neutral zone.
1:12 of 1st period - Slapshot by Theodor Blueger.
1:12 of 1st period - Stopped by Alexandar Georgiev without a rebound.
1:13 of 1st period - Mathew Barzal wins face-off versus Corban Knight in Monarchs zone.
1:22 of 1st period - Snap shot by Jordan LaVallee.
1:22 of 1st period - Stopped by Alexandar Georgiev with a rebound.
1:24 of 1st period - Slapshot by Corban Knight.
1:24 of 1st period - Stopped by Alexandar Georgiev without a rebound.
1:25 of 1st period - Stefan Matteau wins face-off versus Billy Sweat in Monarchs zone.
1:50 of 1st period - Luca Sbisa is hit by Collin Miller and loses puck.
2:31 of 1st period - Off-side.
2:32 of 1st period - Theodor Blueger wins face-off versus JT Compher in neutral zone.
2:53 of 1st period - Minor Penalty to Juho Lammikko for Interference.
2:54 of 1st period - Corban Knight wins face-off versus Mathew Barzal in Ice Dragons zone.
4:20 of 1st period - Icing by William Karlsson.
4:21 of 1st period - Corban Knight wins face-off versus William Karlsson in Monarchs zone.
4:50 of 1st period - Jordan LaVallee is hit by William Karlsson and loses puck.
4:53 of 1st period - Penalty to Juho Lammikko is over, Juho Lammikko is back on ice.
5:04 of 1st period - Off-side.
5:05 of 1st period - Emil Pettersson wins face-off versus Anthony Cirelli in neutral zone.
5:08 of 1st period - Slapshot by Luca Sbisa.
5:08 of 1st period - Deflect By Chris Wagner.
5:08 of 1st period - Stopped by Alexandar Georgiev without a rebound.
5:09 of 1st period - Billy Sweat wins face-off versus Mathew Barzal in Monarchs zone.
5:20 of 1st period - Kevin Connauton is hit by Neal Pionk and loses puck.
5:39 of 1st period - Wrist shot by JT Compher.
5:39 of 1st period - Shot Blocked by Sam Carrick.
5:47 of 1st period - Snap shot by Sam Carrick.
5:47 of 1st period - Goal by Sam Carrick - Ice Dragons : 1 - Monarchs : 0.
5:48 of 1st period - Corban Knight wins face-off versus Stefan Matteau in neutral zone.
5:59 of 1st period - Wrist shot by Corban Knight.
5:59 of 1st period - Shot Misses the Net.
6:13 of 1st period - Alex Plante is hit by William Karlsson.
6:34 of 1st period - Off-side.
6:35 of 1st period - Mathew Barzal wins face-off versus Sam Carrick in neutral zone.
6:45 of 1st period - Luca Sbisa is hit by Seth Helgeson and loses puck.
7:02 of 1st period - Jordan LaVallee is hit by Nick Ritchie and loses puck.
7:13 of 1st period - Wrist shot by Nick Ritchie.
7:13 of 1st period - Stopped by Joacim Eriksson without a rebound.
7:14 of 1st period - William Karlsson wins face-off versus Emil Pettersson in Ice Dragons zone.
7:39 of 1st period - Stefan Matteau is hit by Brandon Kozun and loses puck.
8:12 of 1st period - Off-side.
8:13 of 1st period - Stefan Matteau wins face-off versus Sam Carrick in neutral zone.
8:21 of 1st period - Off-side.
8:22 of 1st period - Sam Carrick wins face-off versus Stefan Matteau in neutral zone.
8:35 of 1st period - Snap shot by Billy Sweat.
8:35 of 1st period - Shot Misses the Net.
8:41 of 1st period - Brock Boeser is hit by Billy Sweat.
8:49 of 1st period - Snap shot by Sam Carrick.
8:49 of 1st period - Stopped by Alexandar Georgiev without a rebound.
8:50 of 1st period - Corban Knight wins face-off versus William Karlsson in Monarchs zone.
9:22 of 1st period - Slapshot by William Carrier.
9:22 of 1st period - Shot Misses the Net.
9:47 of 1st period - Wrist shot by Nicholas Baptiste.
9:47 of 1st period - Goal by Nicholas Baptiste - Ice Dragons : 1 - Monarchs : 1.
9:48 of 1st period - Corban Knight wins face-off versus William Karlsson in neutral zone.
10:15 of 1st period - Zach Werenski is hit by Justin Shugg and loses puck.
10:38 of 1st period - David Shields is hit by Frank Vatrano and loses puck.
10:55 of 1st period - Alex Plante is hit by Olli Maatta and loses puck.
11:07 of 1st period - Wrist shot by Nicholas Baptiste.
11:07 of 1st period - Stopped by Joacim Eriksson with a rebound.
11:21 of 1st period - Snap shot by Corban Knight.
11:21 of 1st period - Shot Misses the Net.
11:28 of 1st period - Minor Penalty to Samuel Groulx for Hooking.
11:29 of 1st period - Mathew Barzal wins face-off versus Corban Knight in Ice Dragons zone.
13:28 of 1st period - Penalty to Samuel Groulx is over, Samuel Groulx is back on ice.
13:39 of 1st period - Anthony Cirelli is hit by William Carrier and loses puck.
14:16 of 1st period - Snap shot by Kyle Connor.
14:16 of 1st period - Stopped by Joacim Eriksson with a rebound.
14:34 of 1st period - Slapshot by Emil Pettersson.
14:34 of 1st period - Stopped by Alexandar Georgiev with a rebound.
14:36 of 1st period - Snap shot by Samuel Groulx.
14:36 of 1st period - Stopped by Alexandar Georgiev without a rebound.
14:37 of 1st period - Stefan Matteau wins face-off versus Sam Carrick in Monarchs zone.
14:37 of 1st period - Stefan Matteau is hit by Kevin Connauton.
14:42 of 1st period - Icing by Brock Boeser.
14:43 of 1st period - Stefan Matteau wins face-off versus Billy Sweat in Monarchs zone.
14:43 of 1st period - Stefan Matteau is hit by Luca Sbisa.
14:57 of 1st period - Snap shot by Stefan Matteau.
14:57 of 1st period - Shot Misses the Net.
14:59 of 1st period - Slapshot by Olli Maatta.
14:59 of 1st period - Goal by Olli Maatta - Ice Dragons : 1 - Monarchs : 2.
15:00 of 1st period - Stefan Matteau wins face-off versus Corban Knight in neutral zone.
15:47 of 1st period - Slapshot by Juho Lammikko.
15:47 of 1st period - Shot Misses the Net.
16:37 of 1st period - Snap shot by Stefan Matteau.
16:37 of 1st period - Stopped by Joacim Eriksson without a rebound.
16:38 of 1st period - Mathew Barzal wins face-off versus Justin Shugg in Ice Dragons zone.
17:03 of 1st period - Corban Knight is hit by Seth Helgeson and loses puck.
17:26 of 1st period - Slapshot by Neal Pionk.
17:26 of 1st period - Stopped by Joacim Eriksson with a rebound.
17:28 of 1st period - Snap shot by William Karlsson.
17:28 of 1st period - Shot Misses the Net.
17:30 of 1st period - Backhand shot by Neal Pionk.
17:30 of 1st period - Deflect By Mikko Rantanen.
17:30 of 1st period - Shot Misses the Net.
17:30 of 1st period - Puck is out of play.
17:31 of 1st period - Sam Carrick wins face-off versus William Karlsson in Ice Dragons zone.
17:56 of 1st period - Olli Maatta is hit by Corban Knight and loses puck.
18:19 of 1st period - Wrist shot by Nicholas Baptiste.
18:19 of 1st period - Shot Misses the Net.
18:50 of 1st period - Icing by Theodor Blueger.
18:51 of 1st period - William Karlsson wins face-off versus Theodor Blueger in Ice Dragons zone.
19:43 of 1st period - Off-side.
19:44 of 1st period - William Karlsson wins face-off versus Sam Carrick in neutral zone.
19:44 of 1st period - William Karlsson is hit by Sam Carrick.
Goals for this period are 1 for Ice Dragons vs 2 for Monarchs .
Shots for this period are 8 for Ice Dragons vs 7 for Monarchs .
2nd period
0:01 of 2nd period - William Karlsson wins face-off versus Jordan LaVallee in neutral zone.
0:43 of 2nd period - Billy Sweat is hit by Frank Vatrano and loses puck.
1:23 of 2nd period - Icing by Nicholas Baptiste.
1:24 of 2nd period - Corban Knight wins face-off versus Anthony Cirelli in Monarchs zone.
1:25 of 2nd period - Slapshot by Jordan LaVallee.
1:25 of 2nd period - Stopped by Alexandar Georgiev with a rebound.
1:45 of 2nd period - Wrist shot by Nicholas Baptiste.
1:45 of 2nd period - Shot Misses the Net.
1:47 of 2nd period - Slapshot by Zach Werenski.
1:47 of 2nd period - Shot Misses the Net.
1:49 of 2nd period - Slapshot by Zach Werenski.
1:49 of 2nd period - Shot Misses the Net.
1:51 of 2nd period - Snap shot by Olli Maatta.
1:51 of 2nd period - Stopped by Joacim Eriksson with a rebound.
1:53 of 2nd period - Slapshot by Zach Werenski.
1:53 of 2nd period - Shot Misses the Net.
1:55 of 2nd period - Slapshot by Zach Werenski.
1:55 of 2nd period - Shot Misses the Net.
1:57 of 2nd period - Snap shot by Zach Werenski.
1:57 of 2nd period - Shot Blocked by Samuel Groulx.
1:59 of 2nd period - Slapshot by Zach Werenski.
1:59 of 2nd period - Goal by Zach Werenski - Ice Dragons : 1 - Monarchs : 3.
2:00 of 2nd period - Sam Carrick wins face-off versus William Karlsson in neutral zone.
2:25 of 2nd period - Stefan Matteau is hit by Jordan LaVallee and loses puck.
2:32 of 2nd period - Snap shot by Corban Knight.
2:32 of 2nd period - Deflect By Brandon Kozun.
2:32 of 2nd period - Shot Misses the Net.
2:32 of 2nd period - Puck is out of play.
2:33 of 2nd period - William Karlsson wins face-off versus Jordan LaVallee in Monarchs zone.
3:00 of 2nd period - Kevin Connauton is hit by Frank Vatrano.
3:20 of 2nd period - Wrist shot by Stefan Matteau.
3:20 of 2nd period - Stopped by Joacim Eriksson without a rebound.
3:21 of 2nd period - Stefan Matteau wins face-off versus Chris Wagner in Ice Dragons zone.
3:46 of 2nd period - Seth Helgeson is hit by William Carrier and loses puck.
4:01 of 2nd period - Snap shot by Nick Ritchie.
4:01 of 2nd period - Stopped by Joacim Eriksson without a rebound.
4:02 of 2nd period - William Karlsson wins face-off versus Corban Knight in Ice Dragons zone.
4:51 of 2nd period - Slapshot by Zach Werenski.
4:51 of 2nd period - Deflect By Nicholas Baptiste.
4:51 of 2nd period - Shot Blocked by Logan MacMillan.
4:51 of 2nd period - Puck is out of play.
4:52 of 2nd period - Corban Knight wins face-off versus Nicholas Baptiste in Ice Dragons zone.
5:05 of 2nd period - Snap shot by Corban Knight.
5:05 of 2nd period - Shot Misses the Net.
5:07 of 2nd period - Slapshot by Jordan LaVallee.
5:07 of 2nd period - Shot Misses the Net.
5:14 of 2nd period - Icing by Neal Pionk.
5:15 of 2nd period - Anthony Cirelli wins face-off versus Sam Carrick in Monarchs zone.
5:26 of 2nd period - Seth Helgeson is hit by Sam Carrick and loses puck.
5:41 of 2nd period - Snap shot by Nick Ritchie.
5:41 of 2nd period - Stopped by Joacim Eriksson with a rebound.
5:47 of 2nd period - Snap shot by Jordan LaVallee.
5:47 of 2nd period - Shot Misses the Net.
5:49 of 2nd period - Snap shot by Brandon Kozun.
5:49 of 2nd period - Stopped by Alexandar Georgiev without a rebound.
5:50 of 2nd period - Emil Pettersson wins face-off versus Mathew Barzal in Monarchs zone.
6:22 of 2nd period - Frank Vatrano is hit by Justin Shugg and loses puck.
6:50 of 2nd period - Snap shot by Logan MacMillan.
6:50 of 2nd period - Shot Misses the Net.
7:17 of 2nd period - JT Compher is hit by Samuel Groulx and loses puck.
7:22 of 2nd period - Snap shot by Jordan LaVallee.
7:22 of 2nd period - Stopped by Alexandar Georgiev without a rebound.
7:23 of 2nd period - Sam Carrick wins face-off versus Stefan Matteau in Monarchs zone.
7:59 of 2nd period - Wrist shot by Jordan LaVallee.
7:59 of 2nd period - Deflect By Brandon Kozun.
7:59 of 2nd period - Stopped by Alexandar Georgiev without a rebound.
8:00 of 2nd period - JT Compher wins face-off versus Corban Knight in Monarchs zone.
8:09 of 2nd period - Snap shot by Brandon Kozun.
8:09 of 2nd period - Shot Misses the Net.
8:11 of 2nd period - Slapshot by Samuel Groulx.
8:11 of 2nd period - Shot Misses the Net.
8:13 of 2nd period - Snap shot by Brandon Kozun.
8:13 of 2nd period - Goal by Brandon Kozun - Ice Dragons : 2 - Monarchs : 3.
8:14 of 2nd period - Stefan Matteau wins face-off versus Corban Knight in neutral zone.
8:19 of 2nd period - Snap shot by Corban Knight.
8:19 of 2nd period - Stopped by Alexandar Georgiev with a rebound.
8:27 of 2nd period - Wrist shot by Neal Pionk.
8:27 of 2nd period - Stopped by Joacim Eriksson with a rebound.
8:29 of 2nd period - Slapshot by Seth Helgeson.
8:29 of 2nd period - Stopped by Joacim Eriksson with a rebound.
9:22 of 2nd period - Slapshot by Nick Ritchie.
9:22 of 2nd period - Shot Blocked by Alex Plante.
9:24 of 2nd period - Slapshot by Nick Ritchie.
9:24 of 2nd period - Shot Misses the Net.
9:28 of 2nd period - Slapshot by Zach Werenski.
9:28 of 2nd period - Stopped by Joacim Eriksson with a rebound.
9:30 of 2nd period - Snap shot by Brock Boeser.
9:30 of 2nd period - Stopped by Joacim Eriksson with a rebound.
9:52 of 2nd period - Brandon Kozun is hit by Nicholas Baptiste and loses puck.
10:21 of 2nd period - Alex Plante is hit by Neal Pionk and loses puck.
10:41 of 2nd period - Snap shot by Mikko Rantanen.
10:41 of 2nd period - Goal by Mikko Rantanen - Ice Dragons : 2 - Monarchs : 4.
10:41 of 2nd period - Oscar Dansk enters game.
10:42 of 2nd period - Billy Sweat wins face-off versus William Karlsson in neutral zone.
10:45 of 2nd period - Slapshot by Billy Sweat.
10:45 of 2nd period - Goal by Billy Sweat - Ice Dragons : 3 - Monarchs : 4.
10:46 of 2nd period - Corban Knight wins face-off versus William Karlsson in neutral zone.
10:55 of 2nd period - Luca Sbisa is hit by William Karlsson and loses puck.
10:56 of 2nd period - Luca Sbisa from Ice Dragons is injured at 10:56 of 2nd period (Strained Back).
10:57 of 2nd period - Stefan Matteau wins face-off versus Corban Knight in Ice Dragons zone.
10:58 of 2nd period - Slapshot by Nick Ritchie.
10:58 of 2nd period - Deflect By Stefan Matteau.
10:58 of 2nd period - Stopped by Oscar Dansk without a rebound.
10:59 of 2nd period - Stefan Matteau wins face-off versus Corban Knight in Ice Dragons zone.
11:32 of 2nd period - Wrist shot by William Karlsson.
11:32 of 2nd period - Stopped by Oscar Dansk without a rebound.
11:33 of 2nd period - Corban Knight wins face-off versus William Karlsson in Ice Dragons zone.
12:02 of 2nd period - Slapshot by Zach Werenski.
12:02 of 2nd period - Deflect By Nick Ritchie.
12:02 of 2nd period - Shot Misses the Net.
12:02 of 2nd period - Puck is out of play.
12:03 of 2nd period - Sam Carrick wins face-off versus Stefan Matteau in Ice Dragons zone.
12:05 of 2nd period - Minor Penalty to Justin Shugg for Hooking.
12:06 of 2nd period - Corban Knight wins face-off versus Mathew Barzal in Ice Dragons zone.
12:32 of 2nd period - Jordan LaVallee is hit by JT Compher and loses puck.
14:05 of 2nd period - Penalty to Justin Shugg is over, Justin Shugg is back on ice.
14:27 of 2nd period - Brock Boeser is hit by Billy Sweat and loses puck.
14:28 of 2nd period - Brock Boeser from Monarchs is injured at 14:28 of 2nd period (Left Knee).
14:29 of 2nd period - Corban Knight wins face-off versus William Karlsson in Monarchs zone.
15:17 of 2nd period - Slapshot by Kevin Connauton.
15:17 of 2nd period - Stopped by Alexandar Georgiev without a rebound.
15:18 of 2nd period - Emil Pettersson wins face-off versus Anthony Cirelli in Monarchs zone.
15:22 of 2nd period - Off-side.
15:23 of 2nd period - Corban Knight wins face-off versus William Karlsson in neutral zone.
15:26 of 2nd period - Zach Werenski is hit by Jordan LaVallee and loses puck.
15:59 of 2nd period - Snap shot by Billy Sweat.
15:59 of 2nd period - Shot Blocked by Frank Vatrano.
16:01 of 2nd period - Wrist shot by Justin Shugg.
16:01 of 2nd period - Stopped by Alexandar Georgiev without a rebound.
16:02 of 2nd period - William Karlsson wins face-off versus Emil Pettersson in Monarchs zone.
16:02 of 2nd period - William Karlsson is hit by William Carrier.
16:34 of 2nd period - Snap shot by Frank Vatrano.
16:34 of 2nd period - Stopped by Oscar Dansk without a rebound.
16:35 of 2nd period - Corban Knight wins face-off versus Mathew Barzal in Ice Dragons zone.
16:35 of 2nd period - Corban Knight is hit by Olli Maatta.
16:45 of 2nd period - Snap shot by Corban Knight.
16:45 of 2nd period - Shot Misses the Net.
16:49 of 2nd period - Slapshot by Corban Knight.
16:49 of 2nd period - Stopped by Alexandar Georgiev without a rebound.
16:50 of 2nd period - William Karlsson wins face-off versus Sam Carrick in Monarchs zone.
16:50 of 2nd period - William Karlsson is hit by Kevin Connauton.
16:56 of 2nd period - Snap shot by Billy Sweat.
16:56 of 2nd period - Stopped by Alexandar Georgiev without a rebound.
16:57 of 2nd period - Sam Carrick wins face-off versus William Karlsson in Monarchs zone.
17:10 of 2nd period - Slapshot by Kevin Connauton.
17:10 of 2nd period - Shot Misses the Net.
17:12 of 2nd period - Wrist shot by David Shields.
17:12 of 2nd period - Shot Blocked by Neal Pionk.
17:52 of 2nd period - Wrist shot by Nicholas Baptiste.
17:52 of 2nd period - Deflect By Jacob De La Rose.
17:52 of 2nd period - Shot Misses the Net.
17:52 of 2nd period - Puck is out of play.
17:53 of 2nd period - Sam Carrick wins face-off versus Anthony Cirelli in Ice Dragons zone.
17:55 of 2nd period - Minor Penalty to Alex Plante for Goalie Interference.
17:56 of 2nd period - Corban Knight wins face-off versus Mathew Barzal in Ice Dragons zone.
18:04 of 2nd period - Corban Knight is hit by Mikko Rantanen.
18:35 of 2nd period - Off-side.
18:36 of 2nd period - Corban Knight wins face-off versus Nick Ritchie in neutral zone.
19:14 of 2nd period - Kevin Connauton is hit by William Karlsson.
19:52 of 2nd period - Neal Pionk is hit by Sam Carrick and loses puck.
19:55 of 2nd period - Penalty to Alex Plante is over, Alex Plante is back on ice.
Goals for this period are 2 for Ice Dragons vs 2 for Monarchs .
Shots for this period are 11 for Ice Dragons vs 13 for Monarchs .
3rd period
0:01 of 3rd period - Corban Knight wins face-off versus Mathew Barzal in neutral zone.
0:04 of 3rd period - Slapshot by Kevin Connauton.
0:04 of 3rd period - Stopped by Alexandar Georgiev with a rebound.
0:06 of 3rd period - Wrist shot by Corban Knight.
0:06 of 3rd period - Deflect By Jordan LaVallee.
0:06 of 3rd period - Shot Misses the Net.
0:06 of 3rd period - Puck is out of play.
0:07 of 3rd period - Corban Knight wins face-off versus Mathew Barzal in Monarchs zone.
0:08 of 3rd period - Snap shot by Jordan LaVallee.
0:08 of 3rd period - Stopped by Alexandar Georgiev with a rebound.
0:10 of 3rd period - Wrist shot by Kevin Connauton.
0:10 of 3rd period - Shot Blocked by Olli Maatta.
0:12 of 3rd period - Slapshot by Kevin Connauton.
0:12 of 3rd period - Shot Blocked by Olli Maatta.
0:14 of 3rd period - Wrist shot by Jordan LaVallee.
0:14 of 3rd period - Stopped by Alexandar Georgiev with a rebound.
0:18 of 3rd period - Wrist shot by Jordan LaVallee.
0:18 of 3rd period - Shot Blocked by Zach Werenski.
0:20 of 3rd period - Snap shot by Kevin Connauton.
0:20 of 3rd period - Shot Misses the Net.
0:36 of 3rd period - Kevin Connauton is hit by William Karlsson and loses puck.
0:43 of 3rd period - Wrist shot by Mikko Rantanen.
0:43 of 3rd period - Goal by Mikko Rantanen - Ice Dragons : 3 - Monarchs : 5.
0:44 of 3rd period - Frank Vatrano wins face-off versus Corban Knight in neutral zone.
1:09 of 3rd period - William Karlsson is hit by Sam Carrick and loses puck.
1:18 of 3rd period - Backhand shot by Sam Carrick.
1:18 of 3rd period - Shot Blocked by William Karlsson.
1:24 of 3rd period - Minor Penalty to Mikko Rantanen for Elbowing.
1:25 of 3rd period - Anthony Cirelli wins face-off versus Corban Knight in Monarchs zone.
2:02 of 3rd period - Minor Penalty to Sam Carrick for Tripping.
2:03 of 3rd period - William Karlsson wins face-off versus Corban Knight in Ice Dragons zone.
2:58 of 3rd period - Icing by Alex Plante.
2:59 of 3rd period - Corban Knight wins face-off versus Frank Vatrano in Ice Dragons zone.
3:24 of 3rd period - Penalty to Mikko Rantanen is over, Mikko Rantanen is back on ice.
3:41 of 3rd period - Wrist shot by Neal Pionk.
3:41 of 3rd period - Shot Blocked by David Shields.
4:02 of 3rd period - Penalty to Sam Carrick is over, Sam Carrick is back on ice.
4:10 of 3rd period - Wrist shot by Sam Carrick.
4:10 of 3rd period - Deflect By Mikko Rantanen.
4:10 of 3rd period - Shot Misses the Net.
4:10 of 3rd period - Puck is out of play.
4:11 of 3rd period - Corban Knight wins face-off versus Anthony Cirelli in Monarchs zone.
4:13 of 3rd period - Icing by Olli Maatta.
4:14 of 3rd period - Corban Knight wins face-off versus Anthony Cirelli in Monarchs zone.
4:15 of 3rd period - Wrist shot by Brandon Kozun.
4:15 of 3rd period - Shot Misses the Net.
4:17 of 3rd period - Wrist shot by David Shields.
4:17 of 3rd period - Shot Blocked by Nicholas Baptiste.
4:30 of 3rd period - Slapshot by Zach Werenski.
4:30 of 3rd period - Shot Blocked by David Shields.
5:44 of 3rd period - Snap shot by Jacob De La Rose.
5:44 of 3rd period - Stopped by Oscar Dansk without a rebound.
5:45 of 3rd period - Sam Carrick wins face-off versus Stefan Matteau in Ice Dragons zone.
6:16 of 3rd period - Wrist shot by Jordan LaVallee.
6:16 of 3rd period - Stopped by Alexandar Georgiev with a rebound.
6:18 of 3rd period - Wrist shot by Brandon Kozun.
6:18 of 3rd period - Stopped by Alexandar Georgiev without a rebound.
6:19 of 3rd period - Mathew Barzal wins face-off versus Emil Pettersson in Monarchs zone.
6:26 of 3rd period - Slapshot by William Carrier.
6:26 of 3rd period - Stopped by Alexandar Georgiev without a rebound.
6:27 of 3rd period - Mathew Barzal wins face-off versus Emil Pettersson in Monarchs zone.
6:40 of 3rd period - Slapshot by William Carrier.
6:40 of 3rd period - Deflect By Chris Wagner.
6:40 of 3rd period - Shot Blocked by Frank Vatrano.
6:40 of 3rd period - Puck is out of play.
6:41 of 3rd period - Corban Knight wins face-off versus William Karlsson in Monarchs zone.
6:52 of 3rd period - Wrist shot by Jordan LaVallee.
6:52 of 3rd period - Stopped by Alexandar Georgiev with a rebound.
7:17 of 3rd period - Slapshot by David Shields.
7:17 of 3rd period - Stopped by Alexandar Georgiev without a rebound.
7:18 of 3rd period - Emil Pettersson wins face-off versus William Karlsson in Monarchs zone.
7:44 of 3rd period - Joonas Lyytinen is hit by Brandon Kozun and loses puck.
8:09 of 3rd period - Slapshot by Zach Werenski.
8:09 of 3rd period - Stopped by Oscar Dansk without a rebound.
8:10 of 3rd period - William Karlsson wins face-off versus Theodor Blueger in Ice Dragons zone.
8:15 of 3rd period - Wrist shot by Mikko Rantanen.
8:15 of 3rd period - Shot Blocked by David Shields.
8:56 of 3rd period - Snap shot by Logan MacMillan.
8:56 of 3rd period - Shot Hit the Post.
8:58 of 3rd period - Snap shot by Theodor Blueger.
8:58 of 3rd period - Shot Misses the Net.
9:00 of 3rd period - Slapshot by Jerome Gauthier-Leduc.
9:00 of 3rd period - Shot Blocked by William Karlsson.
9:02 of 3rd period - Slapshot by Juho Lammikko.
9:02 of 3rd period - Goal by Juho Lammikko - Ice Dragons : 4 - Monarchs : 5.
9:03 of 3rd period - Corban Knight wins face-off versus Mathew Barzal in neutral zone.
9:28 of 3rd period - Mikko Rantanen is hit by Justin Shugg and loses puck.
9:49 of 3rd period - Slapshot by Samuel Groulx.
9:49 of 3rd period - Stopped by Alexandar Georgiev with a rebound.
9:51 of 3rd period - Wrist shot by Emil Pettersson.
9:51 of 3rd period - Stopped by Alexandar Georgiev with a rebound.
9:53 of 3rd period - Slapshot by Kevin Connauton.
9:53 of 3rd period - Shot Blocked by Olli Maatta.
9:57 of 3rd period - Snap shot by Emil Pettersson.
9:57 of 3rd period - Shot Misses the Net.
9:59 of 3rd period - Slapshot by William Carrier.
9:59 of 3rd period - Stopped by Alexandar Georgiev without a rebound.
10:00 of 3rd period - Brandon Kozun wins face-off versus Mathew Barzal in Monarchs zone.
10:01 of 3rd period - Slapshot by Corban Knight.
10:01 of 3rd period - Shot Misses the Net.
10:29 of 3rd period - Slapshot by Justin Shugg.
10:29 of 3rd period - Stopped by Alexandar Georgiev with a rebound.
10:31 of 3rd period - Slapshot by Samuel Groulx.
10:31 of 3rd period - Stopped by Alexandar Georgiev without a rebound.
10:32 of 3rd period - Sam Carrick wins face-off versus Stefan Matteau in Monarchs zone.
10:42 of 3rd period - Wrist shot by Sam Carrick.
10:42 of 3rd period - Shot Misses the Net.
11:42 of 3rd period - Snap shot by Corban Knight.
11:42 of 3rd period - Shot Misses the Net.
11:44 of 3rd period - Wrist shot by Jerome Gauthier-Leduc.
11:44 of 3rd period - Stopped by Alexandar Georgiev with a rebound.
11:46 of 3rd period - Slapshot by Jerome Gauthier-Leduc.
11:46 of 3rd period - Deflect By Corban Knight.
11:46 of 3rd period - Shot Blocked by Zach Werenski.
11:46 of 3rd period - Puck is out of play.
11:47 of 3rd period - Sam Carrick wins face-off versus Mathew Barzal in Monarchs zone.
11:48 of 3rd period - Slapshot by Billy Sweat.
11:48 of 3rd period - Shot Blocked by Frank Vatrano.
11:50 of 3rd period - Minor Penalty to Matt Roy for High sticking.
11:51 of 3rd period - Anthony Cirelli wins face-off versus Sam Carrick in Monarchs zone.
12:02 of 3rd period - Wrist shot by Sam Carrick.
12:02 of 3rd period - Stopped by Alexandar Georgiev without a rebound.
12:03 of 3rd period - Anthony Cirelli wins face-off versus Corban Knight in Monarchs zone.
12:14 of 3rd period - Wrist shot by Kevin Connauton.
12:14 of 3rd period - Goal by Kevin Connauton - Ice Dragons : 5 - Monarchs : 5.
12:15 of 3rd period - Corban Knight wins face-off versus Mathew Barzal in neutral zone.
12:22 of 3rd period - Snap shot by Jordan LaVallee.
12:22 of 3rd period - Shot Misses the Net.
13:14 of 3rd period - Wrist shot by Emil Pettersson.
13:14 of 3rd period - Deflect By Chris Wagner.
13:14 of 3rd period - Stopped by Alexandar Georgiev with a rebound.
13:24 of 3rd period - Alex Plante is hit by Nick Ritchie and loses puck.
13:55 of 3rd period - Slapshot by Brandon Kozun.
13:55 of 3rd period - Shot Blocked by Neal Pionk.
14:15 of 3rd period - Frank Vatrano is hit by Kevin Connauton and loses puck.
14:44 of 3rd period - Zach Werenski is hit by David Shields and loses puck.
15:07 of 3rd period - Wrist shot by William Karlsson.
15:07 of 3rd period - Shot Blocked by Samuel Groulx.
15:21 of 3rd period - Nick Ritchie is hit by Samuel Groulx.
15:37 of 3rd period - Alex Plante is hit by Kurtis Macdermid and loses puck.
16:41 of 3rd period - Joonas Lyytinen is hit by Corban Knight.
17:26 of 3rd period - Neal Pionk is hit by Brandon Kozun and loses puck.
17:33 of 3rd period - Jerome Gauthier-Leduc is hit by Zach Werenski and loses puck.
18:05 of 3rd period - Mikko Rantanen is hit by Juho Lammikko and loses puck.
18:47 of 3rd period - Slapshot by Chris Wagner.
18:47 of 3rd period - Shot Misses the Net.
18:49 of 3rd period - Snap shot by Corban Knight.
18:49 of 3rd period - Shot Misses the Net.
18:51 of 3rd period - Wrist shot by Justin Shugg.
18:51 of 3rd period - Shot Misses the Net.
18:53 of 3rd period - Wrist shot by Sam Carrick.
18:53 of 3rd period - Goal by Sam Carrick - Ice Dragons : 6 - Monarchs : 5.
18:54 of 3rd period - William Karlsson wins face-off versus William Carrier in neutral zone.
18:57 of 3rd period - Brandon Kozun is hit by Mikko Rantanen and loses puck.
19:00 of 3rd period - Monarchs , Alexandar Georgiev is pulled from the net.
19:40 of 3rd period - Snap shot by Jordan LaVallee.
19:40 of 3rd period - Shot Misses the Net.
Goals for this period are 3 for Ice Dragons vs 1 for Monarchs .
Shots for this period are 19 for Ice Dragons vs 3 for Monarchs .